 Dungeon Crawl Stone Soup version 0.31-a0-931-g7b59d4eb97 (webtiles) character file.

Game seed: 12975494732816995387

105 Error4North the Trooper (level 4, -4/61 HPs)
             Began as a Minotaur Fighter on Oct 19, 2023.
             Killed by divine providence
             ... invoked by an orc priest
              (13 damage)
             ... on level 3 of the Dungeon.
             The game lasted 00:04:52 (1242 turns).

Error4North the Trooper (Minotaur Fighter)          Turns: 1242, Time: 00:04:53

Health: -4/61      AC: 22    Str: 20 (23) XL:     4   Next: 53%
Magic:  3/3        EV:  2    Int:  2 (5)  God:
Gold:   106        SH:  4    Dex:  8 (9)  Spells: 3/3 levels left

rFire   . . .        a - +0 war axe
rCold   . . .        c - +0 buckler
rNeg    . . .        b - melded +0 scale mail
rPois   +            (helmet currently unavailable)
rElec   .            (cloak currently unavailable)
rCorr   .            (gloves currently unavailable)
SInv    .            (boots currently unavailable)
Will    .....        (no amulet)
Stlth   +            (no ring)
HPRegen 0.30/turn    (no ring)
MPRegen 0.08/turn

%: no passive effects
@: mighty, tree-form (expiring)
A: stationary, stasis, torment immunity, boosted hp, (horns 2), (retaliatory
headbutt)
a: no special abilities


You were on level 3 of the Dungeon.
You were a tree.
You visited 1 branch of the dungeon, and saw 4 of its levels.

You collected 106 gold pieces.

Inventory:

Hand Weapons
 a - a +0 war axe (weapon)
Armour
 b - a +0 scale mail (melded)
 c - a +0 buckler (worn)
 i - a +0 chain mail
Scrolls
 g - 2 scrolls of teleportation {unknown}
Potions
 h - a potion of curing


   Skills:
 * Level 4.6 Fighting
 + Level 3.5 Axes
 * Level 4.5 Armour
 + Level 1.1 Dodging
 * Level 4.1 Shields


You had 3 spell levels left.
You didn't know any spells.
Your spell library contained the following spells:

 Spells                   Type           Power      Damage    Failure   Level
 Sting                    Tmut/Pois      0%         1d3       63%         1
 Poisonous Vapours        Pois/Air       0%         N/A       77%         2
 Olgreb's Toxic Radiance  Pois           0%         N/A       100%        4


Dungeon Overview and Level Annotations

Branches:
Dungeon (4/15)
 Temple: D:4-7

Altars:

Shops:
D:3 [


Innate Abilities, Weirdness & Mutations

You are a tree.
Your roots penetrate the ground, keeping you stationary.
You cannot be teleported.
You are immune to unholy pain and torment.
Your maximum health is greatly increased.
Your equipment is partially melded.
((You have a pair of horns on your head.))
((You reflexively headbutt those who attack you in melee.))


Message History

You feel very mighty all of a sudden.
You feel sick. The quokka bites you.
* * * LOW HITPOINT WARNING * * *
You closely miss the quokka.
You feel sick.
You are no longer poisoned.
The quokka bites you.
* * * LOW HITPOINT WARNING * * *
The quokka barely misses you.
It was a potion of lignification.
You turn into a tree.
Your +0 scale mail melds into your body.
Your roots penetrate the ground.
You block the quokka's attack.
You slice the quokka!!
You kill the quokka!
An orc comes into view. It is wielding a +0 whip.
You block the adder's attack.
You closely miss the adder.
The orc shouts!
You block the adder's attack. The adder bites you but does no damage.
You closely miss the adder. The adder bites you.
* * * LOW HITPOINT WARNING * * *
An orc comes into view. It is wielding a +0 flail.
It was a potion of degeneration.
There was something very wrong with that liquid.
You feel weakened.
You feel dopey.
You feel clumsy.
The orc shouts!
The adder barely misses you. The adder bites you but does no damage.
It was a potion of curing.
You feel better. The adder bites you but does no damage.
You slash the adder!
You kill the adder!
Your transformation is almost over.
You barely miss the orc priest.
The orc priest mumbles some strange prayers to Beogh against you.
Beogh smites you!
* * * LOW HITPOINT WARNING * * *
The orc priest sings a few bars from the Orcish anthem.
You block the orc priest's attack.
The orc priest mumbles some strange prayers to Beogh against you.
Beogh smites you!
You die...

##########
#.........
#.........
#.........
#.........
#.........
#.........
∩.########.........
∩∩.....♣ooo........
∩.########o>.......
##########


You could see 2 orc priests and 2 orcs.

Vanquished Creatures
  An iguana (D:3)
  An adder (D:3)
  A worm (D:2)
  A dart slug (D:3)
  8 ball pythons
  6 bats
  6 endoplasms
  A giant cockroach (D:1)
  4 goblins
  7 hobgoblins
  8 jackals
  6 kobolds
  4 quokkas
  6 rats
60 creatures vanquished.

Notes
Turn   | Place    | Note
-------+----------+-------------------------------------------
     0 | D:1      | Error4North the Minotaur Fighter began the quest for the
                  | Orb.
     0 | D:1      | Reached XP level 1. HP: 19/19 MP: 0/0
    32 | D:1      | Reached XP level 2. HP: 27/27 MP: 1/1
   252 | D:1      | Found a faded altar of an unknown god.
   525 | D:1      | Reached XP level 3. HP: 33/33 MP: 2/2
  1201 | D:2      | You fall into a shaft and drop 2 floors!
  1227 | D:3      | Reached skill level 1 in Dodging
  1227 | D:3      | Reached XP level 4. HP: 39/41 MP: 3/3
  1232 | D:3      | Found Diocvygy's Antique Armour Shop.
  1242 | D:3      | Killed from afar by an orc priest

Illustrated notes

Levels and vault maps discovered:
D:1:      mrwooster_arrival_statue, layout_loops_cross,
          shapermc_ecumenical_altar_pompeii, minmay_close_crescents
D:2:      layout_basic
D:3:      layout_rooms, pdpol_wu_jian_five_deadly_venoms, serial_shops, shop,
          nicolae_diamond_shop, nicolae_shop_dealshenge, nicolae_half_adder
D:4:      layout_rooms, mainiacjoe_overflow_alcove_1, minmay_temple_entry_arrows

Skill      XL: |  1  2  3 |
---------------+----------+-----
Armour         | 4 |  4.5
Fighting       | 4 |  4.6
Axes           | 3 |  3.5
Shields        | 4 |  4.1
Dodging        | 1 |  1.1

Action                     |  1- 3 |  4- 6 || total
---------------------------+-------+-------++-------
  Melee: War axe           |   124 |     7 ||   131
         Headbutt          |    13 |     1 ||    14
    Use: Potion            |       |     4 ||     4
 Armour: Scale mail        |   105 |     7 ||   112
         Skin              |       |     4 ||     4
  Dodge: Dodged            |    68 |     7 ||    75
  Block: Buckler           |    22 |     6 ||    28

Table legend: (Time is in decaauts)
 A = Elapsed time spent in this place.
 B = Non-inter-level travel time spent in this place.
 C = Inter-level travel time spent in this place.
 D = Time resting spent in this place.
 E = Time spent auto-exploring this place.
 F = Levels seen in this place.
 G = Mean time per level.
                   A        B        C        D        E       F      G
               +--------+--------+--------+--------+--------+-----+--------+
         Total |   1293 |   1272 |     21 |     84 |    782 |   4 |  323.2 |
       Dungeon |   1293 |   1272 |     21 |     84 |    782 |   4 |  323.2 |
               +--------+--------+--------+--------+--------+-----+--------+

Top non-repeatable levels by time:
     D:1: 720 daAuts
     D:2: 530 daAuts
     D:4: 23 daAuts
     D:3: 18 daAuts
